 Dungeon Crawl Stone Soup version 0.17-a0-1056-g838d5c0 (webtiles) character file.

11830 Sixotanaka the Devastator (level 11, -4/74 HPs)
             Began as a Demigod Ice Elementalist on May 16, 2015.
             Slain by an eight-headed hydra (5 damage)
             ... on level 11 of the Dungeon.
             The game lasted 01:01:30 (19931 turns).

Sixotanaka the Devastator (DgIE)                   Turns: 19931, Time: 01:01:30

Health: -4/74      AC: 10    Str: 11    XL:     11   Next: 29%
Magic:  1/17       EV: 14    Int: 30    God:
Gold:   597        SH:  0    Dex: 14    Spells: 4 memorised, 3 levels left

rFire  . . .     SeeInvis .     r - +9 short sword of Hieguf {flame, +Blink Int+5 Dex-2}
rCold  . . .     Clarity  .     I - +2 animal skin
rNeg   . . .     SustAb   +     (no shield)
rPois  .         Gourm    +     k - +0 helmet
rElec  .         Spirit   .     X - +2 cloak
rCorr  .         Warding  .     a - +0 pair of gloves
rMut   .         Stasis   .     E - +0 pair of boots
MR     ++...                    C - amulet of the gourmand
Stlth  ++........               m - +2 ring of evasion
                                o - ring of protection from magic

@: very resistant to hostile enchantments, unstealthy
A: high mp 1, sustain abilities
a: Evoke Blink


You were on level 11 of the Dungeon.
You were full.

You visited 1 branch of the dungeon, and saw 11 of its levels.
You also visited: Ossuary.

You collected 597 gold pieces.


Innate Abilities, Weirdness & Mutations

You have an increased reservoir of magic (+10% MP).
Your attributes are resistant to harm.


   Skills:
 - Level 1.7 Dodging
 - Level 1.7 Stealth
 - Level 1.7 Spellcasting
 + Level 15.2 Conjurations
 - Level 6.0 Ice Magic


You had 3 spell levels left.
You knew the following spells:

 Your Spells              Type           Power        Failure   Level  Hunger
a - Ozocubu's Armour      Chrm/Ice       ###.....     10%         3    ###....
c - Throw Icicle          Conj/Ice       ######..     1%          4    ####...
x - Throw Frost           Conj/Ice       ######       1%          2    ##.....
z - Freeze                Ice            ####         1%          1    None


Dungeon Overview and Level Annotations

Branches:
Dungeon (11/15)            Temple (0/1) D:7
   Lair: D:8-11         Orc: D:9-12

Annotations:
D:5 Menkaure
D:6 Grinder
D:9 a5tp's ghost, powerful GrFi
D:11 exclusion: ice statue

Inventory:

Hand weapons
 r - the +9 short sword of Hieguf (weapon) {flame, +Blink Int+5 Dex-2}
   (You found it on level 10 of the Dungeon)

   It has been specially enchanted to burn those struck by it, causing extra
   injury to most foes and up to half again as much damage against particularly
   susceptible opponents.
   It affects your intelligence (+5).
   It affects your dexterity (-2).
   It lets you blink.
Missiles
 B - 19 tomahawks (quivered)
 R - a throwing net
 S - 6 javelins
 T - 13 poisoned needles
 V - 4 needles of slowing
Armour
 a - a +0 pair of gloves (worn)
 k - a +0 helmet (worn)
 y - a +0 buckler
 E - a +0 pair of boots (worn)
 I - a +2 animal skin (worn)
 X - a +2 cloak (worn)
Jewellery
 m - a +2 ring of evasion (right hand)
 o - a ring of protection from magic (left hand)
 u - an uncursed ring of flight
 C - an amulet of the gourmand (around neck)
 L - an uncursed ring of see invisible
Magical devices
 D - a wand of digging (1)
 P - a wand of paralysis (4)
 U - a wand of lightning (4)
Scrolls
 d - 4 scrolls of magic mapping
 e - a scroll of recharging {unknown}
 g - 5 scrolls of teleportation {@r4}
 h - 3 scrolls of remove curse {@r2}
 j - a scroll of blinking {unknown}
 G - 2 scrolls of amnesia
 J - a scroll of immolation {unknown}
 K - a scroll of fear {unknown}
 M - a scroll of holy word {unknown}
 N - 2 scrolls of enchant armour
 W - 2 scrolls of enchant weapon {unknown}
Potions
 l - 2 potions of flight
 n - 3 potions of haste {@q3}
 p - 3 potions of heal wounds {@q2}
 q - 2 potions of cancellation
 s - 5 potions of curing {@q1}
 v - a potion of berserk rage
 x - a potion of cure mutation
 A - 2 potions of agility
 H - a potion of magic
 O - 2 potions of invisibility
Books
 b - a book of Frost
 F - a Young Poisoner's Handbook
 Q - a book of Maledictions
 Y - a book of Battle
Comestibles
 c - 5 bread rations
 f - 3 beef jerkies
 i - 3 royal jellies
 w - 6 meat rations
 z - 4 fruits

....##.# #.......##
.....#.# #######.#
.....#.# #.# .....#.#
#.# .....#.# ### #.#
..##.#.# #<# #.#
..##...# #.# #.#
..#.#..# #.#####.#
....#..#####....@..###
###.#.>........##D..<#
.##.##########C##C####
.....)....[.##.##.#
...########....##.#
...# #..........# ...#
#.##########
...#####.#
......##รท#####


You could see an eight-headed hydra and a hill giant.


Message History

The hill giant shouts!
Casting: Throw Icicle
Aiming: Throw Icicle
Aim: a hill giant, wielding a giant spiked club The shard of ice hits the hill giant.
Casting: Throw Icicle
Aiming: Throw Icicle
Aim: a hill giant, wielding a giant spiked club (moderately wounded)
The shard of ice hits the hill giant.
The eight-headed hydra roars!
Really walk into a travel-excluded area?
The ice statue throws cold at you.
Casting: Throw Icicle
Aiming: Throw Icicle
Aim: a hill giant, wielding a giant spiked club (severely wounded)
The shard of ice hits the eight-headed hydra.
Casting: Throw Icicle
Aiming: Throw Icicle
Aim: a hill giant, wielding a giant spiked club (severely wounded)
The shard of ice hits the eight-headed hydra.
Casting: Throw Icicle
Aiming: Throw Icicle
Aim: a hill giant, wielding a giant spiked club (heavily wounded)
The shard of ice hits the eight-headed hydra.
The eight-headed hydra barely misses you. x2
The eight-headed hydra bites you but does no damage.
The eight-headed hydra bites you. x3
The eight-headed hydra bites you! The eight-headed hydra misses you.
You hit the eight-headed hydra. You burn the eight-headed hydra.
The eight-headed hydra bites you but does no damage.
The eight-headed hydra closely misses you.
The eight-headed hydra bites you!
The eight-headed hydra completely misses you.
The eight-headed hydra bites you.
* * * LOW HITPOINT WARNING * * *
The eight-headed hydra bites you.
* * * LOW HITPOINT WARNING * * *
The eight-headed hydra bites you but does no damage.
The eight-headed hydra barely misses you.
Casting: Throw Icicle
Aiming: Throw Icicle
Aim: an eight-headed hydra (heavily wounded)
The shard of ice hits the eight-headed hydra.
The eight-headed hydra closely misses you.
The eight-headed hydra bites you.
* * * LOW HITPOINT WARNING * * *
The eight-headed hydra barely misses you.
The eight-headed hydra bites you.
* * * LOW HITPOINT WARNING * * *
The eight-headed hydra bites you!
* * * LOW HITPOINT WARNING * * *
The eight-headed hydra barely misses you.
The eight-headed hydra bites you.
* * * LOW HITPOINT WARNING * * *
The eight-headed hydra bites you but does no damage.
That item cannot be evoked!
Zapping:
U - a wand of lightning (will waste charges)
You hear a mighty clap of thunder!
The bolt of lightning hits the eight-headed hydra.
Evoking this partially-identified wand wasted a few charges.
You hear a shout!
The eight-headed hydra bites you.
* * * LOW HITPOINT WARNING * * *
The eight-headed hydra bites you but does no damage. x3
The eight-headed hydra bites you!
* * * LOW HITPOINT WARNING * * *
The eight-headed hydra bites you.
* * * LOW HITPOINT WARNING * * *
The eight-headed hydra bites you.
You die...

Action                   |  1- 3 |  4- 6 |  7- 9 | 10-12 || total
-------------------------+-------+-------+-------+-------++-------
Melee: Short sword       |    12 |     7 |     4 |    51 ||    74
       Hand axe          |       |       |   147 |    16 ||   163
       Falchion          |       |       |    23 |       ||    23
Throw: Stone             |     9 |       |     2 |       ||    11
       Tomahawk          |       |       |    10 |       ||    10
 Cast: Freeze            |    44 |    57 |   187 |   127 ||   415
       Throw Frost       |    18 |    40 |    78 |    32 ||   168
       Throw Icicle      |       |       |    31 |    99 ||   130
       Ozocubu's Armour  |       |       |     3 |     1 ||     4
Evoke: Wand              |       |       |     2 |     4 ||     6
  Use: Scroll            |     7 |     5 |     6 |     9 ||    27
       Potion            |       |     3 |     3 |       ||     6
 Stab: Sleeping          |     1 |       |     1 |       ||     2
       Distracted        |       |       |     1 |       ||     1
       Paralysed         |       |       |       |    11 ||    11
  Eat: Chunk             |     6 |    31 |    48 |    39 ||   124

Vault maps used:
D:1:      onia_arrival_mini_maze_b, minmay_misc_feat_pillars,
          corexii_hall_statues_i
D:2:      lemuel_upstairs_altar, nicolae_ru_the_path_less_chosen
D:3:      first_bread, nrook_loot_triangle, uniq_natasha
D:4:      uniq_sigmund, uniq_duvessa
D:5:      tgw_sif, lemuel_round_altar, basic_altar, columned_hall_lemuel,
          bloody_makhleb, uniq_menkaure
D:6:      slow_altar_2, kennysheep_little_box, basic_altar, uniq_grinder
D:7:      elyvilon_altar_4, gammafunk_temple_overflow_statue, temple_green,
          lightli_ossuary_entry_decrepit_ruins
D:8:      kennysheep_mini, lemuel_doored_altar
D:9:      lemuel_coloured_pillars_altar, okawaru_trees_2, serial_ice,
          serial_ice_h, serial_ice_m, serial_ice_n, serial_ice_f, serial_ice_d,
          serial_ice_c
D:10:     uniq_grum, uniq_urug
D:11:     grunt_lair_entry_elf_guard_hut, basic_altar,
          hangedman_pestilent_swarm, minivault_16
Ossuary:  ossuary_minmay_scorpions

Notes
Turn   | Place    | Note
--------------------------------------------------------------
     0 | D:1      | Sixotanaka the Demigod Ice Elementalist began the quest for the Orb.
     0 | D:1      | Reached XP level 1. HP: 14/14 MP: 5/5
   335 | D:1      | Reached skill level 3 in Ice Magic
   527 | D:1      | Reached XP level 2. HP: 20/20 MP: 4/7
   531 | D:1      | Learned a level 2 spell: Throw Frost
  1305 | D:2      | Reached XP level 3. HP: 26/26 MP: 5/8
  1343 | D:2      | Reached skill level 4 in Ice Magic
  1811 | D:2      | Found a sacrificial altar of Ru.
  2443 | D:3      | Reached XP level 4. HP: 27/33 MP: 0/9
  2898 | D:3      | Reached skill level 5 in Ice Magic
  2950 | D:3      | Noticed Natasha
  2953 | D:3      | Killed Natasha
  3391 | D:3      | Reached XP level 5. HP: 38/38 MP: 2/10
  4118 | D:4      | Reached skill level 6 in Ice Magic
  4179 | D:4      | Reached skill level 1 in Conjurations
  4337 | D:4      | Noticed Sigmund
  4346 | D:4      | Killed Sigmund
  4346 | D:4      | Reached skill level 3 in Conjurations
  4346 | D:4      | Reached XP level 6. HP: 45/45 MP: 4/11
  4612 | D:4      | Noticed an ogre
  4615 | D:4      | Killed an ogre
  4615 | D:4      | Reached skill level 4 in Conjurations
  4696 | D:4      | Learned a level 4 spell: Throw Icicle
  4733 | D:4      | Noticed JamPaladin's ghost (average DgEE)
  4822 | D:4      | Killed JamPaladin's ghost
  4822 | D:4      | Reached skill level 5 in Conjurations
  4822 | D:4      | Reached XP level 7. HP: 44/50 MP: 0/12
  5014 | D:4      | Noticed Duvessa
  5014 | D:4      | Noticed Dowan
  5028 | D:4      | Killed Duvessa
  5361 | D:4      | Killed Dowan
  5361 | D:4      | Reached skill level 6 in Conjurations
  5787 | D:4      | Noticed an ogre
  5795 | D:4      | Killed an ogre
  5939 | D:5      | Entered Level 5 of the Dungeon
  5964 | D:5      | Reached skill level 7 in Conjurations
  6103 | D:5      | Reached XP level 8. HP: 42/57 MP: 8/13
  6490 | D:5      | Noticed Menkaure
  6586 | D:6      | Learned a level 3 spell: Ozocubu's Armour
  6723 | D:6      | Noticed Grinder
  6964 | D:6      | Reached skill level 8 in Conjurations
  7105 | D:6      | Found a burning altar of Makhleb.
  7203 | D:7      | Found a staircase to the Ecumenical Temple.
  7269 | D:7      | Found a sand-covered staircase.
  7280 | Ossuary  | Entered an ossuary
  7981 | Ossuary  | Reached skill level 9 in Conjurations
  8555 | D:7      | HP: 11/57 [centaur (6)]
  9289 | D:7      | Found a white marble altar of Elyvilon.
  9490 | D:7      | Reached skill level 10 in Conjurations
  9490 | D:7      | Reached XP level 9. HP: 57/62 MP: 2/14
  9620 | D:7      | Found a glowing silver altar of Zin.
  9623 | D:7      | Found a shadowy altar of Dithmenos.
  9787 | D:8      | Found a radiant altar of Vehumet.
  9874 | D:8      | Noticed a hill giant
  9895 | D:8      | Killed a hill giant
 10617 | D:8      | Reached skill level 11 in Conjurations
 10676 | D:8      | Found a sparkling altar of Nemelex Xobeh.
 11827 | D:9      | Found an iron altar of Okawaru.
 12228 | D:9      | Noticed a5tp's ghost (powerful GrFi)
 12629 | D:8      | Reached skill level 12 in Conjurations
 12973 | D:10     | Entered Level 10 of the Dungeon
 12973 | D:10     | Noticed Urug
 13344 | D:9      | HP: 15/62 [killer bee (9)]
 13345 | D:9      | HP: 5/62 [killer bee (5)]
 13345 | D:9      | HP: 2/62 [killer bee (3)]
 13634 | D:9      | Reached XP level 10. HP: 69/69 MP: 15/15
 14171 | D:10     | Noticed a hill giant
 15015 | D:9      | Killed a hill giant
 15015 | D:9      | Reached skill level 13 in Conjurations
 15576 | D:9      | Found a shimmering altar of Xom.
 16290 | D:10     | Got a polished short sword
 16365 | D:10     | Identified the +9 short sword of Hieguf {flame, +Blink Int+5 Dex-2} (You found it on level 10 of the Dungeon)
 16548 | D:10     | Noticed Grum
 16589 | D:9      | HP: 16/69 [wolf[Grum] (6)]
 16884 | D:10     | Killed Grum
 16884 | D:10     | Reached skill level 14 in Conjurations
 16989 | D:10     | Noticed a hill giant
 16996 | D:10     | Killed a hill giant
 17268 | D:10     | Noticed an unseen horror
 17272 | D:10     | Killed an unseen horror
 17363 | D:10     | Killed Urug
 17363 | D:10     | Reached XP level 11. HP: 74/74 MP: 17/17
 18007 | D:11     | Found a deep blue altar of Sif Muna.
 18552 | D:11     | Noticed an eight-headed hydra
 18602 | D:10     | HP: 18/74 [poisoned by a trapdoor spider]
 18610 | D:10     | HP: 18/74 [poisoned by a trapdoor spider]
 19191 | D:11     | Killed an unseen horror
 19191 | D:11     | Reached skill level 15 in Conjurations
 19927 | D:11     | HP: 15/74 [eight-headed hydra (6)]
 19931 | D:11     | HP: 3/74 [eight-headed hydra (9)]
 19931 | D:11     | HP: 1/74 [eight-headed hydra (2)]
 19931 | D:11     | Slain by an eight-headed hydra

Vanquished Creatures
  Urug (D:10)
  2 unseen horrors
  3 hill giants
  2 trolls (D:9)
  The ghost of JamPaladin the Digger, an average DgEE (D:4)
  Sigmund (D:4)
  A hungry ghost (D:9)
  A wraith (D:9)
  A wyvern (D:9)
  Grum (D:10)
  9 yaks
  6 wolves
  2 hippogriffs
  Duvessa (D:4)
  2 water moccasins
  2 sky beasts
  3 ice beasts
  7 ogres
  2 orc warriors (D:8)
  A phantom (D:6)
  2 crocodiles (D:11)
  5 giant frogs
  A wyvern zombie (D:8)
  4 centaurs
  Dowan (D:4)
  8 scorpions
  3 wights (D:9)
  9 killer bees
  6 crimson imps
  A human zombie (Ossuary)
  4 centaur zombies
  A giant frog zombie (D:11)
  7 hounds
  3 orc wizards
  2 orc priests
  A centaur skeleton (D:9)
  A giant frog skeleton (D:11)
  4 jellies
  3 iguanas
  Natasha (D:3)
  11 worker ants
  A big kobold zombie (Ossuary)
  2 hound skeletons
  2 mummies (Ossuary)
  6 gnolls
  4 scorpion zombies (Ossuary)
  2 shadow imps
  12 adders
  7 river rats (D:11)
  A hound simulacrum (D:9)
  2 white imps (D:9)
  An adder skeleton (D:9)
  2 worms
  37 orcs
  2 bat skeletons
  5 giant cockroaches
  2 gnoll zombies (Ossuary)
  16 goblins
  12 hobgoblins
  20 jackals
  15 kobolds
  2 quokkas
  6 ball pythons
  25 bats
  9 giant geckos
  4 giant newts
  3 goblin zombies (Ossuary)
  A hobgoblin zombie (Ossuary)
  A jackal skeleton (D:7)
  2 kobold zombies (Ossuary)
  An orc zombie (Ossuary)
  21 rats
353 creatures vanquished.

Vanquished Creatures (others)
  A mummy (Ossuary)
  A scorpion zombie (Ossuary)
  A kobold zombie (Ossuary)
  A quokka (D:7)
4 creatures vanquished.

Grand Total: 357 creatures vanquished
